 Dungeon Crawl Stone Soup version 0.23.1-38-g628c18f (webtiles) character file.

Game seed: 12256451131745004625

310 troglodite the Skirmisher (level 6, 0/49 HPs)
             Began as a Demonspawn Berserker on Mar 28, 2019.
             Was a Believer of Trog.
             Slain by an ogre
             ... wielding a +0 giant club
              (26 damage)
             ... on level 4 of the Dungeon.
             The game lasted 00:14:11 (4023 turns).

troglodite the Skirmisher (Demonspawn Berserker)    Turns: 4023, Time: 00:14:12

Health: 0/49       AC: 11    Str: 17    XL:     6   Next: 17%
Magic:  6/6        EV:  7    Int: 12    God:    Trog [**....]
Gold:   111        SH:  4    Dex: 14    Spells: 5/5 levels left

rFire    . . .     SeeInvis .   a - +0 falchion
rCold    . . .     Gourm    .   n - +0 buckler
rNeg     . . .     Faith    .   d - +0 chain mail
rPois    .         Spirit   .   (helmet restricted)
rElec    .         Reflect  .   q - +0 cloak
rCorr    .         Harm     .   f - +0 pair of gloves
MR       .....                  (no boots)
Stlth    ..........             (no amulet)
HPRegen  0.16/turn              o - +3 ring of intelligence
MPRegen  0.10/turn              (no ring)

@: no status effects
A: horns 2
a: Berserk, Trog's Hand, Renounce Religion


You were on level 4 of the Dungeon.
You worshipped Trog.
Trog was pleased with you.
You were not hungry.

You visited 1 branch of the dungeon, and saw 4 of its levels.

You collected 111 gold pieces.

Inventory:

Hand Weapons
 a - a +0 falchion (weapon)
Armour
 d - a +0 chain mail (worn)
 f - a +0 pair of gloves (worn)
 n - a +0 buckler (worn)
 q - a +0 cloak (worn)
Jewellery
 o - a +3 ring of intelligence (left hand)
Wands
 l - a wand of paralysis (7)
Scrolls
 b - 3 scrolls of identify {unknown}
 e - a scroll of enchant weapon {unknown}
 g - a scroll of blinking {unknown}
 h - 3 scrolls of remove curse {unknown}
 m - a scroll of random uselessness {unknown}
Potions
 i - a potion of invisibility {unknown}
 j - a potion of curing {unknown}
 k - a potion of flight {unknown}
 p - a potion of haste {unknown}
Comestibles
 c - 6 rations
 r - 4 chunks of flesh


   Skills:
 * Level 4.4 Fighting
 + Level 3.9 Long Blades
 * Level 3.2 Armour
 * Level 2.8 Dodging
 + Level 0.1 Stealth
 * Level 1.1 Shields


You had 5 spell levels left.
You didn't know any spells.
Your spell library was empty.

Dungeon Overview and Level Annotations

Branches:
Dungeon (4/15)
 Temple: D:4-7

Altars:
Dithmenos
Makhleb
Okawaru
Trog
Xom


Innate Abilities, Weirdness & Mutations

You have a pair of horns on your head.


Message History

You butcher the giant cockroach corpse.
r - 4 chunks of flesh (gained 1)
An ogre comes into view. It is wielding a +0 giant club.
An ogre is nearby!
You hit the ogre.
The ogre is lightly wounded.
The ogre closely misses you.
You hit the ogre but do no damage.
The ogre is lightly wounded.
The ogre hits you with a +0 giant club!!
You slash the ogre!
The ogre is heavily wounded.
You hit the ogre. You headbutt the ogre!
The ogre is almost dead.
You block the ogre's attack.
You hit the ogre but do no damage.
The ogre is almost dead.
The ogre hits you with a +0 giant club!!
Ouch! That really hurt!
You die...

#.. #.. #..
....# #. ..#
##.# #.# .
##O.# #.##
#..#.@## #..#
####
#...).###..#
#..#
##.#....#..#
##.##
#..####....##
#..# # #.
###...###..####
#.
###..#.....>. .
#.......... ..
##.........
#....#####


You could see an ogre.

Vanquished Creatures
  An ogre (D:4)
  Crazy Yiuf (D:3)
  A hound (D:3)
  Ijyb (D:3)
  Natasha (twice) (D:3)
  2 adders (D:2)
  4 dart slugs
  A leopard gecko (D:2)
  4 orcs
  6 giant cockroaches
  4 goblins
  8 hobgoblins
  6 jackals
  3 quokkas
  6 bats
  3 frilled lizards
  6 kobolds
  4 rats
  2 plants (D:3)
65 creatures vanquished.

Notes
Turn   | Place    | Note
-------+----------+-------------------------------------------
     0 | D:1      | troglodite the Demonspawn Berserker began the quest for the
                  | Orb.
     0 | D:1      | Reached XP level 1. HP: 18/18 MP: 1/1
   157 | D:1      | Gained mutation: You have a pair of small horns on your
                  | head. [demonic ancestry]
   157 | D:1      | Reached XP level 2. HP: 11/24 MP: 2/2
   720 | D:1      | Found an iron altar of Okawaru.
   811 | D:2      | Reached XP level 3. HP: 28/30 MP: 3/3
   830 | D:2      | Found a burning altar of Makhleb.
   833 | D:2      | Found a shimmering altar of Xom.
  1150 | D:2      | Reached ** piety under Trog
  1161 | D:2      | Reached skill level 4 in Fighting
  1577 | D:2      | Found a bloodstained altar of Trog.
  1577 | D:2      | Found a shadowy altar of Dithmenos.
  1770 | D:2      | Reached XP level 4. HP: 34/37 MP: 4/4
  2035 | D:3      | Noticed Ijyb
  2046 | D:3      | Paralysed by Ijyb for 3 turns
  2050 | D:3      | Killed Ijyb
  2234 | D:3      | Found a burning altar of Makhleb.
  2688 | D:3      | Reached XP level 5. HP: 39/42 MP: 5/5
  3242 | D:3      | Noticed Natasha
  3255 | D:3      | Killed Natasha
  3326 | D:3      | Found a runed translucent door.
  3327 | D:3      | Noticed Crazy Yiuf
  3455 | D:3      | Killed Crazy Yiuf
  3627 | D:3      | Noticed Natasha
  3651 | D:3      | Killed Natasha
  3687 | D:4      | Noticed an ogre
  3694 | D:4      | Killed an ogre
  3694 | D:4      | Reached skill level 1 in Shields
  3694 | D:4      | Gained mutation: You have a pair of horns on your head.
                  | [demonic ancestry]
  3694 | D:4      | Reached XP level 6. HP: 39/49 MP: 6/6
  4023 | D:4      | Slain by an ogre

Skill      XL: |  1  2  3  4  5 |
---------------+----------------+-----
Dodging        | 2 |  2.8
Long Blades    | 3 |  3.9
Fighting       | 4 |  4.4
Armour         | 2 3 |  3.2
Shields        | 1 |  1.1
Stealth        | |  0.1

Action                   |  1- 3 |  4- 6 || total
-------------------------+-------+-------++-------
Melee: Falchion          |   121 |   200 ||   321
       Headbutt          |    25 |    46 ||    71
Invok: Berserk           |     1 |     2 ||     3
 Stab: Sleeping          |     1 |       ||     1
  Eat: Chunk             |     4 |     9 ||    13
Armor: Animal skin       |     2 |       ||     2
       Chain mail        |    71 |    43 ||   114
       Ring mail         |     6 |       ||     6
Dodge: Dodged            |    66 |    28 ||    94
Block: Buckler           |       |     8 ||     8
       Rpst.: Falchion   |    24 |    11 ||    35
